Map: Redshift LE

Players

HuShang

  • Race: Protoss Protoss
  • League: Master
  • Spawn Location: 11:00

Neuro - Winner!

  • Race: Zerg Zerg
  • League: Grandmaster
  • Spawn Location: 7:00

VOD

Have the link to the VOD?

Description

Time

  • Played on: July 20, 2018, 2:47 p.m.
  • Length: 11:07
Show
View Real Time Build Order
Export as new Build Order

HuShang Protoss 

Build Orders: 1 Gate Expand, Zealot Archon, Dark Templar Rush 

Get SALT Encoding   

  12  0:00  Probe  
  13  0:13  Probe  
  14  0:20  Pylon  
  14  0:25  Probe  
  15  0:36  Probe  
  15  0:39  Gateway  
  16  0:44  Assimilator, Probe  
  17  0:52  Probe  
  18  1:05  Probe  
  19  1:17  Probe  
  20  1:24  Nexus  
  20  1:33  Cybernetics Core  
  20  1:36  Probe  
  21  1:42  Assimilator  
  21  1:48  Probe  
  21  1:52  Pylon  
  22  2:01  Probe, Adept  
  23  2:10  Warp Gate  
  23  2:13  Probe  
  26  2:21  Twilight Council  
  26  2:26  Probe  
  27  2:31  Stalker  
  27  2:35  Probe x2  
  29  2:43  Probe  
  31  2:47  Probe  
  33  2:52  Robotics Facility  
  33  2:53  Probe  
  34  3:08  Probe x2  
  34  3:11  Gateway  
  36  3:19  Dark Shrine  
  36  3:20  Probe x2  
  38  3:32  Probe x2  
  38  3:33  Gateway, Warp Prism  
  40  3:36  Gateway  
  42  3:51  Probe x2, Pylon  
  44  3:57  Assimilator  
  44  4:00  Assimilator  
  44  4:03  Probe x2  
  44  4:06  Pylon  
  46  4:15  Probe x2  
  46  4:16  Zealot x2  
  52  4:33  Dark Templar x2  
  52  4:37  Dark Templar x2  
  60  4:49  Charge  
  60  4:54  Nexus  
  60  4:56  Pylon  
  60  5:01  Probe x2  
  60  5:05  Pylon  
  60  5:06  Archon x2  
  62  5:14  Probe x2  
  62  5:21  Dark Templar x2  
  68  5:22  Zealot  
  68  5:28  Gateway x2  
  70  5:31  Dark Templar  
  70  5:32  Archon  
  66  5:44  Dark Templar  
  59  5:57  Zealot  
  59  5:58  Zealot  
  57  6:07  Probe x2  
  46  6:34  Probe x2, Dark Templar  
  46  6:36  Probe  
  50  6:42  Probe  
  50  6:43  Probe  
  51  6:48  Probe  
  51  6:50  Probe  
  53  6:56  Probe  
  53  6:57  Dark Templar  
  53  7:00  Probe  
  58  7:03  Probe  
  58  7:08  Probe  
  60  7:12  Probe  
  61  7:16  Probe  
  61  7:20  Probe  
  61  7:21  Immortal  
  63  7:24  Probe, Archon  
  63  7:29  Probe  
  65  7:40  Zealot x5  
  71  7:50  Probe x2  
  71  7:51  Probe  
  72  8:01  Dark Templar x3  
  72  8:02  Dark Templar  
  72  8:05  Archon  
  80  8:07  Archon  
  80  8:08  Probe x3  
  82  8:20  Probe  
  71  8:39  Dark Templar  
  71  8:40  Dark Templar x2  
  77  8:41  Probe x2  
  77  8:47  Zealot x2  
  67  9:16  Pylon  
  67  9:17  Pylon  
  67  9:19  Pylon  
  67  9:20  Pylon  
  67  9:21  Pylon  
  67  9:27  Immortal  
  67  9:34  Probe x2  
  67  9:36  Dark Templar  
  67  9:37  Dark Templar, Nexus  
  77  9:41  Archon  
  77  9:44  Dark Templar  
  77  9:45  Dark Templar  
  81  9:46  Probe  
  81  9:51  Archon  
  82  10:00  Dark Templar  
  84  10:09  Archon  
  84  10:17  Archon, Pylon  
  84  10:30  Gateway  
  84  10:31  Dark Templar x2  
  84  10:32  Zealot x3  
  84  10:33  Gateway  
  94  10:35  Probe  
  94  10:36  Probe  
  94  10:38  Archon  
  82  10:54  Zealot x3  
Show
View Real Time Build Order
Export as new Build Order

Neuro Zerg - Winner!

Build Orders: Hatch First 

Get SALT Encoding   

  12  0:01  Drone  
  13  0:13  Overlord  
  13  0:16  Drone  
  14  0:32  Drone  
  15  0:45  Hatchery  
  15  0:49  Drone  
  15  0:53  Drone  
  15  0:56  Drone  
  17  1:02  Drone  
  18  1:09  Extractor  
  17  1:16  Spawning Pool  
  17  1:18  Drone  
  17  1:22  Drone  
  18  1:32  Drone  
  19  1:43  Overlord  
  19  1:53  Drone  
  20  2:00  Drone  
  21  2:03  Queen x2  
  25  2:10  Drone x2  
  27  2:15  Metabolic Boost  
  27  2:20  Zergling x4  
  29  2:30  Drone x2  
  31  2:37  Drone  
  32  2:47  Queen  
  32  2:50  Queen  
  36  2:57  Overlord x3  
  36  3:16  Drone x4  
  40  3:22  Drone x3  
  43  3:27  Lair  
  43  3:30  Zergling x4  
  45  3:40  Extractor  
  44  3:42  Roach Warren  
  43  3:49  Drone x2, Overlord  
  43  3:50  Drone x3  
  48  3:58  Queen  
  48  3:59  Overlord x3  
  50  4:15  Drone x5  
  54  4:20  Extractor, Overlord x2  
  53  4:30  Nydus Network  
  53  4:31  Roach  
  54  4:32  Zergling x10  
  59  4:39  Overseer  
  62  4:45  Drone x4  
  63  4:58  Overseer  
  63  4:59  Queen x2  
  65  5:00  Overlord  
  67  5:09  Glial Reconstitution  
  67  5:10  Zergling x6  
  67  5:11  Zergling x2  
  71  5:17  Nydus Canal  
  71  5:20  Roach  
  73  5:21  Zergling x2  
  73  5:25  Spine Crawler  
  73  5:30  Zergling x14  
  80  5:47  Nydus Canal  
  74  6:01  Roach x5  
  74  6:02  Nydus Canal  
  74  6:03  Queen x2  
  66  6:21  Roach x3  
  68  6:30  Roach  
  68  6:31  Roach  
  68  6:45  Hatchery  
  68  6:46  Overseer  
  65  6:50  Roach x6  
  75  6:56  Nydus Canal  
  73  7:10  Nydus Canal  
  73  7:23  Drone x9  
  74  7:44  Roach  
  74  7:45  Roach x3, Queen x2  
  84  7:51  Ravager  
  84  7:52  Ravager x2, Zergling x8  
  91  7:59  Zergling x10  
  91  8:00  Nydus Canal  
  96  8:08  Zergling x4  
  98  8:18  Roach x2  
  102  8:37  Drone x4  
  102  8:39  Overlord x2  
  102  8:40  Extractor  
  105  8:43  Hydralisk Den, Extractor  
  105  8:45  Nydus Canal  
  103  8:53  Roach x7  
  103  8:54  Roach  
  113  8:55  Zergling x2  
  113  8:56  Zergling x6  
  95  9:14  Overseer  
  95  9:15  Pneumatized Carapace  
  95  9:19  Hatchery  
  95  9:21  Grooved Spines  
  94  9:25  Extractor  
  94  9:27  Hydralisk x2  
  94  9:29  Zergling x20  
  107  9:32  Overseer  
  107  9:42  Spore Crawler  
  106  9:47  Overlord x5  
  106  9:48  Overlord x2, Hydralisk  
  106  9:50  Zergling x6  
  111  9:55  Zergling x2  
  111  10:05  Hydralisk x3  
  117  10:11  Hydralisk x3  
  117  10:13  Zergling x12  
  129  10:21  Hydralisk x3  
  128  10:25  Zergling x4  
  136  10:30  Hydralisk  
  136  10:31  Hydralisk  
  136  10:32  Zergling x2  
Tags
 
Add a new tag
Caveats
  • Supply blocks, unpowered buildings, or Contaminate may cause inaccurate times.
  • Supply counts are checked every 10 seconds.